 Dungeon Crawl Stone Soup version 0.29.1-15-g9cfb28693d (webtiles) character file.

Game seed: 9312483686643549051

231 Descartes the Magician (level 5, -3/28 HPs)
             Began as a Deep Elf Wanderer on Apr 22, 2023.
             Slain by a scorpion (5 damage)
             ... on level 4 of the Dungeon.
             The game lasted 00:09:40 (5303 turns).

Descartes the Magician (Deep Elf Wanderer)          Turns: 5303, Time: 00:09:40

Health: -3/28      AC:  2    Str: 13    XL:     5   Next: 73%
Magic:  14/16      EV: 12    Int: 18    God:
Gold:   144        SH:  5    Dex: 11    Spells: 17/18 levels left

rFire   + . .      SeeInvis .   a - +0 dagger
rCold   . . .      Faith    .   (no shield)
rNeg    . . .      Spirit   .   d - +0 robe
rPois   .          Reflect  +   (no helmet)
rElec   .          Harm     .   (no cloak)
rCorr   .          Rampage  .   (no gloves)
Will    .....                   (no boots)
Stlth   +.........              g - amulet of reflection
HPRegen 0.09/turn               l - ring of protection from fire
MPRegen 0.15/turn               (no ring)

@: lethally poisoned (-3 -> -13)
A: no striking features
a: no special abilities


You were on level 4 of the Dungeon.
You visited 1 branch of the dungeon, and saw 4 of its levels.

You collected 144 gold pieces.

Inventory:

Hand Weapons
 a - a +0 dagger (weapon)
Missiles
 b - 13 poisoned darts (quivered)
 m - 2 throwing nets
Armour
 d - a +0 robe (worn)
Magical Staves
 s - a staff of poison
Jewellery
 g - an amulet of reflection (around neck)
 l - a ring of protection from fire (left hand)
 n - an amulet of guardian spirit
 o - an amulet of faith
Wands
 q - a wand of acid (9)
 t - a wand of polymorph (4)
Scrolls
 h - 6 scrolls of identify {unknown}
 i - a scroll of poison {unknown}
 k - a scroll of teleportation {unknown}
 r - a scroll of brand weapon {unknown}
Potions
 c - a potion of attraction
 e - 5 potions of curing {unknown}
 f - a potion of magic {unknown}
 j - a potion of resistance {unknown}
 p - a potion of heal wounds {unknown}


   Skills:
 - Level 1.1 Throwing
 - Level 2.5 Dodging
 + Level 7.4 Spellcasting
 - Level 1.5 Hexes
 - Level 3.3 Summonings
 - Level 2.3 Evocations


You had 17 spell levels left.
You knew the following spells:

 Your Spells              Type           Power      Damage    Failure   Level
a - Summon Small Mammal   Summ           72%        N/A       2%          1

Your spell library contained the following spells:

 Spells                   Type           Power      Damage    Failure   Level
 Slow                     Hex            48%        N/A       5%          1
 Ensorcelled Hibernation  Hex/Ice        18%        N/A       12%         2
 Passwall                 Tmut/Erth      5%         N/A       16%         2
 Confusing Touch          Hex            12%        N/A       17%         3
 Swiftness                Air            6%         N/A       30%         3
 Animate Armour           Summ/Erth      24%        N/A       45%         4
 Summon Ice Beast         Ice/Summ       12%        N/A       45%         4


Dungeon Overview and Level Annotations

Branches:
Dungeon (4/15)             Temple (0/1) D:4

Altars:
Gozag
Makhleb
Uskayaw
Yredelemnul

Shops:
D:1 [

Annotations:
D:4 6 runed translucent doors, ANNNA's ghost, amateur DrIE; vvl's ghost, amateur DrTm


Message History

Your rat bites the scorpion but does no damage.
Your rat bites the scorpion.
Casting: Summon Small Mammal (safe; 2% risk of failure)
Confirm with . or Enter, or press ? or * to list all spells.
You feel very sick.
Your rat disappears in a puff of smoke!
The scorpion barely misses you. You block the scorpion's attack.
Your rat completely misses the scorpion.
You barely miss the scorpion.
The scorpion is severely wounded.
You feel sick. The scorpion stings you.
Your rat barely misses the scorpion.
You closely miss the scorpion.
The scorpion is severely wounded.
You feel sick.
The scorpion stings you but does no damage.
Your rat bites the scorpion but does no damage. x2
You barely miss the scorpion.
The scorpion is severely wounded.
You feel sick. The scorpion closely misses you.
Your rat completely misses the scorpion.
Your rat barely misses the scorpion.
You closely miss the scorpion.
The scorpion is severely wounded.
You feel sick. The scorpion closely misses you.
Your rat closely misses the scorpion.
Your rat bites the scorpion but does no damage.
You hit the scorpion but do no damage.
The scorpion is severely wounded.
You feel sick. The scorpion stings you.
* * * LOW HITPOINT WARNING * * *
You are lethally poisoned!
The scorpion poisons you! The scorpion stings you.
* * * LOW HITPOINT WARNING * * *
Your rat bites the scorpion but does no damage.
Your rat misses the scorpion. You hit the scorpion.
The scorpion is severely wounded.
* * * LOW HITPOINT WARNING * * *
You feel sick. The scorpion stings you.
You die...

##.#..#.# .. #......###.
.# #...#...#... #.#
##....#.....# ...#
#..#####.>.#####... #
##....#.....#....#.#
#######..#...#...#....
....).......###.r.r#
####.#.#...#.#.#@s##.#.#
# #.#.#.....#.........#
#.#.......#...####...#
#.#.#.........# .#
#.......##.##.#
######.#.#.#####.#
.....#.#.#.# #.#
.........#.# #..
......#..#.#####..


You could see a scorpion (ally target) and 2 friendly rats.

Vanquished Creatures
  An orc wizard (D:3)
  A howler monkey zombie (D:4)
  3 adders
  2 dart slugs
  An orc (D:3)
  An endoplasm (D:2)
  2 giant cockroaches
  A goblin (D:2)
  3 hobgoblins
  A kobold (D:1)
  2 quokkas
  9 ball pythons
  2 bats (D:2)
  A frilled lizard (D:2)
  4 rats (D:2)
34 creatures vanquished.

Vanquished Creatures (collateral kills)
  A jelly (D:4)
  An orc wizard (D:4)
  3 gnolls (D:2)
  An adder zombie (D:4)
  3 dart slugs
  7 orcs
  An endoplasm (D:3)
  A giant cockroach (D:4)
  A goblin (D:2)
  3 hobgoblins
  2 quokkas (D:4)
  2 ball pythons
  5 bats
  A frilled lizard (D:2)
  2 rats (D:2)
34 creatures vanquished.

Grand Total: 68 creatures vanquished

Notes
Turn   | Place    | Note
-------+----------+-------------------------------------------
     0 | D:1      | Descartes the Deep Elf Wanderer began the quest for the
                  | Orb.
     0 | D:1      | Descartes set off with the following items: a +0 dagger, 8
                  | poisoned darts, a potion of attraction, a +0 robe; and the
                  | following spells available to memorise: Summon Small
                  | Mammal, Slow, Confusing Touch, Animate Armour, Summon Ice
                  | Beast.
     0 | D:1      | Reached XP level 1. HP: 10/10 MP: 5/5
    77 | D:1      | Learned a level 1 spell: Summon Small Mammal
   875 | D:1      | Reached skill level 2 in Spellcasting
   901 | D:1      | Found Qisosh's Armour Shoppe.
   978 | D:1      | Reached XP level 2. HP: 8/15 MP: 4/7
  1265 | D:1      | Found a faded altar of an unknown god.
  1552 | D:2      | Reached skill level 3 in Spellcasting
  1759 | D:2      | Reached XP level 3. HP: 19/19 MP: 8/10
  1978 | D:2      | Reached skill level 4 in Spellcasting
  2864 | D:2      | Reached skill level 5 in Spellcasting
  2864 | D:2      | Reached XP level 4. HP: 23/24 MP: 10/13
  3363 | D:3      | Found a burning altar of Makhleb.
  3538 | D:3      | Reached skill level 6 in Spellcasting
  3538 | D:3      | Reached XP level 5. HP: 2/28 MP: 10/15
  4255 | D:3      | Found a hide-covered altar of Uskayaw.
  4557 | D:4      | Reached skill level 7 in Spellcasting
  4715 | D:4      | Found a staircase to the Ecumenical Temple.
  4758 | D:4      | Found a runed translucent gate.
  4760 | D:4      | Found a runed translucent gate.
  4761 | D:4      | Found an opulent altar of Gozag.
  4761 | D:4      | Found a runed translucent gate.
  4763 | D:4      | Noticed ANNNA's ghost (amateur DrIE)
  4846 | D:4      | Found a runed translucent gate.
  4846 | D:4      | Found a runed translucent gate.
  4846 | D:4      | Found a runed translucent gate.
  4846 | D:4      | Noticed vvl's ghost (amateur DrTm)
  4891 | D:4      | Found a basalt altar of Yredelemnul.
  5303 | D:4      | Slain by a scorpion

Illustrated notes

Levels and vault maps discovered:
D:1:      giann_wishing_wells, layout_basic, dilly_ecumenical_altar_fadedgnrine,
          serial_shops, shop
D:2:      layout_basic, grunt_ministairs_9, minmay_tromino_mix6
D:3:      layout_loops_ring, mainiacjoe_overflow_big_doors
D:4:      layout_loops_cross, nicolae_yredelemnul_ghost_church,
          minmay_temple_entry_arrows, ebering_ghost_gozag

Skill      XL: |  1  2  3  4  5 |
---------------+----------------+-----
Spellcasting   | 2 3 5 6 7 |  7.4
Throwing       | |  1.1
Dodging        | |  2.5
Hexes          | |  1.5
Summonings     | |  3.3
Evocations     | |  2.3

Action                   |  1- 3 |  4- 6 || total
-------------------------+-------+-------++-------
Melee: Dagger            |   138 |   117 ||   255
       Punch             |       |     1 ||     1
 Cast: Summon Small Mamm |    46 |    75 ||   121
 Stab: Distracted        |       |     2 ||     2
Armor: Robe              |    38 |    30 ||    68
Dodge: Dodged            |   115 |    81 ||   196
Block: Other             |    26 |    30 ||    56
